 Dungeon Crawl Stone Soup version 0.25-a0-583-g696c2ac64d (webtiles) character file.

Game seed: 14426711403960546055, levelgen mode: deterministic

96 Maize the Chopper (level 4, -17/61 HPs)
             Began as a Minotaur Berserker on Mar 8, 2020.
             Was a Believer of Trog.
             Demolished by an ogre
             ... wielding a +0 giant club
              (19 damage)
             ... on level 3 of the Dungeon.
             The game lasted 00:02:23 (1406 turns).

Maize the Chopper (Minotaur Berserker)              Turns: 1406, Time: 00:02:25

Health: -17/61     AC:  6    Str: 23    XL:     4   Next: 41%
Magic:  3/3        EV: 11    Int:  4    God:    Trog [**....]
Gold:   105        SH:  0    Dex:  9    Spells: 3/3 levels left

rFire    . . .     SeeInvis .   a - +0 hand axe
rCold    . . .     Gourm    .   (no shield)
rNeg     . . .     Faith    .   s - +0 ring mail
rPois    .         Spirit   .   (helmet restricted)
rElec    .         Reflect  .   (no cloak)
rCorr    .         Harm     .   q - +0 pair of gloves
MR       .....                  (no boots)
Stlth    ..........             (no amulet)
HPRegen  0.20/turn              (no ring)
MPRegen  0.08/turn              (no ring)

@: berserking, very quick
A: retaliatory headbutt, horns 2
a: Berserk, Trog's Hand, Renounce Religion


You were on level 3 of the Dungeon.
You worshipped Trog.
Trog was pleased with you.
You were hungry.

You visited 1 branch of the dungeon, and saw 3 of its levels.

You collected 105 gold pieces.

Inventory:

Hand Weapons
 a - a +0 hand axe (weapon)
Armour
 q - a +0 pair of gloves (worn)
 s - a +0 ring mail (worn)
Scrolls
 f - 4 scrolls of remove curse {unknown}
 h - a scroll of identify {unknown}
 j - a scroll of blinking {unknown}
 l - a scroll of enchant weapon {unknown}
 p - 2 scrolls of noise {unknown}
 t - a scroll of fog {unknown}
 u - a scroll of magic mapping {unknown}
Potions
 d - a potion of heal wounds {unknown}
 e - 2 potions of mutation {unknown}
 g - 2 potions of curing {unknown}
 i - a potion of stabbing {unknown}
 k - a potion of haste {unknown}
 m - a potion of magic {unknown}
 n - a potion of might {unknown}
 o - a potion of invisibility {unknown}
 r - a potion of flight {unknown}
 v - a potion of lignification {unknown}
Comestibles
 b - a chunk of flesh
 c - 5 rations


   Skills:
 + Level 4.4 Fighting
 * Level 5.2 Axes
 + Level 3.4 Armour
 - Level 2.1 Dodging


You had 3 spell levels left.
You didn't know any spells.
Your spell library was empty.

Dungeon Overview and Level Annotations

Branches:
Dungeon (3/15)

Altars:
Fedhas
Nemelex Xobeh
Qazlal
Uskayaw
Wu Jian


Innate Abilities, Weirdness & Mutations

You reflexively headbutt those who attack you in melee.
You have a pair of horns on your head.


Message History

You barely miss the bat. The bat closely misses you. You furiously retaliate!
You headbutt the bat.
The ogre hits you with a +0 giant club!!
Ouch! That really hurt!
* * * LOW HITPOINT WARNING * * *
A red film seems to cover your vision as you go berserk!
You feel yourself moving faster!
You feel mighty!
You are feeling hungry.
The bat hits you but does no damage. The ogre closely misses you.
You slash the ogre! Your headbutt misses the ogre.
The ogre is almost dead.
The bat hits you.
* * * LOW HITPOINT WARNING * * *
You hit the ogre.
The ogre is almost dead.
You hit the leopard gecko. You slash the bat!
You kill the bat!
Trog accepts your kill.
The ogre hits you with a +0 giant club!!
You die...

#### ##..##
##.)..##
####>.....#
##.........#
...........#
#....l....#
#....O@.<.#
##.......##
#....(....#
#...(.....#
#........o#
#..........
#...........
##.......##..


You could see an ogre, an orc and a leopard gecko.

Vanquished Creatures
  4 adders (D:2)
  An ooze (D:2)
  A dart slug (D:2)
  A leopard gecko (D:1)
  A giant cockroach (D:2)
  10 goblins
  6 hobgoblins
  2 jackals (D:2)
  8 bats
  4 frilled lizards
  6 kobolds
  10 rats
54 creatures vanquished.

Notes
Turn   | Place    | Note
-------+----------+-------------------------------------------
     0 | D:1      | Maize the Minotaur Berserker began the quest for the Orb.
     0 | D:1      | Reached XP level 1. HP: 19/19 MP: 0/0
    60 | D:1      | Reached skill level 4 in Axes
   146 | D:1      | Reached XP level 2. HP: 26/27 MP: 1/1
   342 | D:1      | Reached ** piety under Trog
   669 | D:2      | Found a stormy altar of Qazlal.
   689 | D:2      | Reached XP level 3. HP: 32/33 MP: 2/2
  1111 | D:2      | Reached skill level 5 in Axes
  1111 | D:2      | Reached XP level 4. HP: 34/41 MP: 3/3
  1185 | D:2      | Found a hide-covered altar of Uskayaw.
  1242 | D:2      | Found an ornate altar of the Wu Jian Council.
  1331 | D:2      | Found a blossoming altar of Fedhas.
  1333 | D:2      | Found a sparkling altar of Nemelex Xobeh.
  1399 | D:3      | Noticed an ogre
  1403 | D:3      | HP: 2/41 [ogre/+0 giant club (29)]
  1406 | D:3      | Demolished by an ogre

Levels and vault maps discovered:
D:1:      saegor_arrival_simple_e, layout_loops_ring
D:2:      kennysheep_six_static_rooms, layout_basic, lemuel_doored_altar,
          grunt_qazlal_clouds, eat_drink_and_be_merry_uskayaw, minitemple
D:3:      layout_rooms, marbit_many_paths, kiku_gazebo_pond_becter,
          first_ration, hangedman_decor_lopped

Skill      XL: |  1  2  3 |
---------------+----------+-----
Axes           | 4 5 |  5.2
Fighting       | 4 |  4.4
Armour         | 3 |  3.4
Dodging        | |  2.1

Action                   |  1- 3 |  4- 6 || total
-------------------------+-------+-------++-------
Melee: Hand axe          |   100 |    21 ||   121
       Headbutt          |    16 |     2 ||    18
Invok: Berserk           |       |     1 ||     1
  Eat: Chunk             |     1 |     1 ||     2
Armor: Animal skin       |     4 |       ||     4
       Leather armour    |    15 |       ||    15
       Ring mail         |    14 |    10 ||    24
Dodge: Dodged            |    65 |    22 ||    87

Table legend:
 A = Non-vault XP
 B = Vault XP
 C = Vault XP percentage of total XP
 D = Non-vault monster count
 E = Vault monster count
 F = Vault count percentage of total count
                 A         B        C        D         E       F
            +---------+---------+-------+---------+---------+-------
      Total |     111 |      27 |  19.6 |      48 |       6 |  11.1
            +---------+---------+-------+---------+---------+-------
        D:1 |      39 |       0 |   0.0 |      25 |       0 |   0.0
        D:2 |      71 |      27 |  27.6 |      22 |       6 |  21.4
        D:3 |       1 |       0 |   0.0 |       1 |       0 |   0.0
            +---------+---------+-------+---------+---------+-------
